 Dungeon Crawl Stone Soup version 0.28-a0-1504-g839a4452db (webtiles) character file.

Game seed: 17342495541127392455

256 Cheeritup the Shield-Bearer (level 6, -4/6 (50) HPs)
             Began as a Formicid Fighter on Jan 13, 2022.
             Was an Initiate of the Shining One.
             Slain by an orc (6 damage)
             ... on level 4 of the Dungeon.
             The game lasted 00:13:08 (4701 turns).

Cheeritup the Shield-Bearer (Formicid Fighter)      Turns: 4701, Time: 00:13:09

HP:   -4/6 (50)     AC: 11    Str: 21    XL:     6   Next: 38%
MP:   6/6           EV:  5    Int:  7    God:    the Shining One [......]
Gold: 165           SH: 13    Dex: 12    Spells: 5/5 levels left

rFire   + . .      SeeInvis +   a - +0 war axe
rCold   . . .      Faith    .   q - +0 tower shield
rNeg    . . .      Spirit   .   s - +1 chain mail {rF+}
rPois   .          Reflect  .   (helmet unavailable)
rElec   .          Harm     .   (no cloak)
rCorr   .          Rampage  .   (no gloves)
Will    .....                   n - +0 pair of boots
Stlth   ..........              (no amulet)
HPRegen 0.02/turn               (no ring)
MPRegen 0.10/turn               (no ring)

@: glowing, extremely drained
A: permanent stasis, dig shafts and tunnels, antennae 3, four strong arms
a: Dig, Shaft Self, Renounce Religion


You were on level 4 of the Dungeon.
You worshipped the Shining One.
The Shining One was noncommittal.
You visited 1 branch of the dungeon, and saw 7 of its levels.

You collected 165 gold pieces.

Inventory:

Hand Weapons
 a - a +0 war axe (weapon)
 b - a +0 hunting sling
Missiles
 o - 3 throwing nets
Armour
 n - a +0 pair of boots (worn)
 q - a +0 tower shield (worn)
 s - a +1 chain mail of fire resistance (worn)
Potions
 d - 2 potions of might
 g - 2 potions of curing
 l - a potion of brilliance
 m - 2 potions of flight
 p - a potion of magic
 r - a potion of heal wounds {unknown}


   Skills:
 + Level 4.9 Fighting
 + Level 3.8 Axes
 - Level 1.0 Slings
 - Level 3.2 Armour
 + Level 5.4 Shields


You had 5 spell levels left.
You didn't know any spells.
Your spell library was empty.

Dungeon Overview and Level Annotations

Branches:
Dungeon (7/15)             Temple (0/1) D:4

Altars:
The Shining One

Annotations:
D:4 Edmund, Grinder


Innate Abilities, Weirdness & Mutations

You cannot be hasted, slowed, berserked, paralysed or teleported.
You can dig through walls and to a lower floor.
You have a pair of large antennae on your head. (SInv)
Your four strong arms can wield two-handed weapons with a shield.


Message History

The gnoll shouts!
The gnoll hits you but does no damage. The gnoll hits you with a +0 flail!
Ouch! That really hurt!
The wight hits you with a +0 battleaxe.
* * * LOW HITPOINT WARNING * * *
You feel drained.
* * * LOW HITPOINT WARNING * * *
There is a stone staircase leading up here.
You see here 3 scrolls of teleportation.
You block the wight's attack. You block the gnoll's attack.
You climb upwards.
You block the ogre's attack.
There is a stone staircase leading down here.
The gnoll hits you but does no damage. The ogre hits you but does no damage.
You climb downwards.
Level annotation: Edmund, Grinder You block the gnoll's attack.
You block the wight's attack. The gnoll completely misses you.
There is a stone staircase leading up here.
You see here 3 scrolls of teleportation.
You extend your mandibles.
You dig through the rock wall.
You feel drained.
You dig through the rock wall.
You feel drained.
You dig through the rock wall.
You feel drained.
This wall is too hard to dig through.
You don't know any spells.
You extend your mandibles.
You dig through the rock wall.
You feel drained. You block the wight's attack.
You dig through the rock wall.
You feel drained.
You dig through the rock wall.
You feel drained. You block the gnoll's attack.
You retract your mandibles.
The gnoll hits you with a +0 flail.
The wight hits you with a +0 morningstar.
The Shining One protects you from harm!
You feel drained. The orc hits you but does no damage.
You block the orc's attack. You block the orc's attack. x2
The orc hits you with a +2 flail of protection.
Ouch! That really hurt!
You die...

## ##...###.###.###
.####.##....## ###
.##..##......#
.....#.......##
#.............###
###.............#
##...........######
##......^......###.##
#..#......>.>...@.gz#
{{####..........loW.#
#..# ###......##..go#
#### ##.........#g#
###### ##.......##O#
###A## #......<...#
###### ##......#####
##§.§# ##.###..##
##._.###.## #...###


You could see a phantom, an ogre, an iguana, a wight, 3 gnolls and 2 orcs.

Vanquished Creatures
  A wight (D:4)
  A hound (D:4)
  Jessica (D:3)
  Terence (D:3)
  An orc wizard (D:5)
  3 gnolls (D:2)
  An adder (D:2)
  A shadow imp (D:4)
  A worm (D:2)
  A dart slug (D:2)
  3 orcs
  2 ball pythons (D:4)
  5 bats
  11 endoplasms
  4 giant cockroaches
  2 goblins
  6 hobgoblins
  3 quokkas
  3 frilled lizards
  4 kobolds
  4 rats
59 creatures vanquished.

Vanquished Creatures (others)
  A plant (D:1)
1 creature vanquished.

Grand Total: 60 creatures vanquished

Notes
Turn   | Place    | Note
-------+----------+-------------------------------------------
     0 | D:1      | Cheeritup the Formicid Fighter began the quest for the Orb.
     0 | D:1      | Reached XP level 1. HP: 18/18 MP: 1/1
   431 | D:1      | Reached XP level 2. HP: 24/24 MP: 2/2
   570 | D:1      | Reached skill level 4 in Shields
  1121 | D:1      | Found a faded altar of an unknown god.
  1126 | D:1      | Reached XP level 3. HP: 28/29 MP: 3/3
  1454 | D:2      | Reached skill level 1 in Slings
  1880 | D:2      | Reached XP level 4. HP: 37/37 MP: 4/4
  2362 | D:3      | Noticed Jessica
  2369 | D:3      | Killed Jessica
  2370 | D:3      | Reached XP level 5. HP: 30/42 MP: 5/5
  2763 | D:3      | Noticed Terence
  2769 | D:3      | Killed Terence
  3215 | D:4      | Reached skill level 5 in Shields
  3222 | D:4      | HP: 1/43 [gnoll (10)]
  3224 | D:4      | You fall into a shaft and drop 3 floors!
  3523 | D:7      | Noticed an ogre
  3538 | D:6      | Noticed an ogre
  3548 | D:5      | Entered Level 5 of the Dungeon
  3555 | D:5      | Reached XP level 6. HP: 33/49 MP: 6/6
  3666 | D:5      | Noticed an ogre
  3795 | D:4      | Noticed Edmund
  3801 | D:4      | Found a staircase to the Ecumenical Temple.
  3825 | D:4      | Noticed an ogre
  4319 | D:4      | Found a glowing golden altar of the Shining One.
  4321 | D:4      | Noticed an angel
  4326 | D:4      | Became a worshipper of the Shining One
  4630 | D:4      | Noticed Grinder
  4697 | D:4      | The Shining One protects you from harm!
  4701 | D:4      | Slain by an orc

Illustrated notes

Levels and vault maps discovered:
D:1:      minmay_arrival_wavy_path, layout_loops_ring,
          chequers_ecumenical_altar_lobes
D:2:      layout_basic
D:3:      minmay_evil_eye, layout_loops_ring, uniq_terence, uniq_jessica
D:4:      layout_layer_cave, lemuel_mausoleum_altar_kikubaaqudgha,
          grunt_temple_overflow_holy_war, minmay_temple_entry_sparse_star,
          nicolae_shop_clearance, uniq_edmund, uniq_grinder
D:5:      layout_loops_corners, eino_small_chamber_without_monster,
          corexii_leaking_fountain
D:6:      layout_rooms, elyvilon_altar_3, mainiacjoe_overflow_tiny_flanked,
          mainiacjoe_overflow_small_starburst, tgw_xom, uniq_crazy_yiuf_cottage,
          uniq_blork_the_orc
D:7:      layout_loops_ring, grunt_ashenzari_visionary
          [grunt_ashenzari_visionary_shoals, grunt_ashenzari_visionary_snake],
          serial_rivers, chequers_serial_rivers_large_a,
          chequers_serial_rivers_marsh, chequers_serial_rivers_micro_a,
          chequers_serial_rivers_marsh, chequers_serial_rivers_marsh,
          uniq_maggie

Skill      XL: |  1  2  3  4  5 |
---------------+----------------+-----
Shields        | 4 5 |  5.4
Slings         | 1 |  1.0
Fighting       | 4 |  4.9
Axes           | 3 |  3.8
Armour         | |  3.2

Action                   |  1- 3 |  4- 6 || total
-------------------------+-------+-------++-------
Melee: War axe           |    75 |    73 ||   148
 Abil: Shaft Self        |       |     1 ||     1
       Dig               |       |     5 ||     5
  Use: Scroll            |       |    10 ||    10
Armor: Scale mail        |    35 |    12 ||    47
       Chain mail        |       |    20 ||    20
Dodge: Dodged            |    34 |    22 ||    56
Block: Buckler           |    16 |     6 ||    22
       Tower shield      |       |    85 ||    85

Table legend: (Time is in decaauts)
 A = Elapsed time spent in this place.
 B = Non-inter-level travel time spent in this place.
 C = Inter-level travel time spent in this place.
 D = Time resting spent in this place.
 E = Time spent auto-exploring this place.
 F = Levels seen in this place.
 G = Mean time per level.
                   A        B        C        D        E       F      G
               +--------+--------+--------+--------+--------+-----+--------+
         Total |   4773 |   4568 |    205 |    924 |   2679 |   7 |  681.9 |
       Dungeon |   4773 |   4568 |    205 |    924 |   2679 |   7 |  681.9 |
               +--------+--------+--------+--------+--------+-----+--------+

Top non-repeatable levels by time:
     D:1: 1276 daAuts
     D:2: 1101 daAuts
     D:4: 981 daAuts
     D:3: 866 daAuts
     D:7: 313 daAuts
     D:5: 224 daAuts
     D:6: 9 daAuts
